Unix NetHack Version 5.0.0-0 post-release - last build Jul 14 2026 02:55:29 (1809b74e8187c3a3585e283601c3028b46cbbdcb,branch:main).

Game began 2026-07-15 17:41:37, ended 2026-07-15 17:53:28.

Jinnora, neutral female human Wizard

                                                             ...
                                                             ..G.
                                                             .h@-
                                                              -.|
                                                              |.|---..
                                                              |[--<..-
                                                              |.....--
                                                              ----[--
                                                                 ---

Jinnora the Conjurer      St:10 Dx:12 Co:12 In:17 Wi:12 Ch:9  Neutral
Dlvl:6  $:233 HP:0(27) Pw:3(25) AC:9  Xp:4/133 T:1356  Hungry  

Latest messages:
 You are beginning to feel hungry.
 The kitten bites the bat.
 The bat is killed!
 You see here a bat corpse.
 Your kitten eats a bat corpse.
 You descend the stairs.
 The kitten misses it.
 The kitten bites the gnome lord.
 The gnome lord hits the kitten.
 The gnome lord hits!
 In what direction? 7
 The spell hits the gnome lord!
 You kill the gnome lord!
 Your kitten eats a gnome lord corpse.
 You swap places with your kitten.
 You are hit by a dagger.
 T - a dagger (5 in total).
 In what direction? 8
 The spell hits the dwarf!
 The dwarf resists!
 You kill the dwarf!
 You hear a B flat squeak in the distance.
 Your kitten steps reluctantly onto a hooded cloak.
 Y - a hooded cloak.
 Your kitten steps reluctantly onto a pair of hard shoes.
 You drop a hooded cloak.
 You hear a B flat squeak in the distance.
 You see here a pair of hard shoes.
 You miss the gnome.
 You hit the gnome.
 The gnome swings his thonged club.
 The gnome hits!
 You see here a pair of hard shoes.
 The gnome hits!
 In what direction? 8
 The spell hits the gnome!
 You kill the gnome!
 You are hit by a thonged club.
 The thonged club returns to its hand!
 The gnome swings his thonged club.
 The gnome hits!
 You miss the gnome.
 A dagger misses you.
 The gnome swings his thonged club.
 The gnome hits!
 You hit the gnome.
 The gnome swings his thonged club.
 The gnome hits!
 You die...
 Do you want your possessions identified? [ynq] (y) q

Inventory:
 Coins    ('$')
  $ - 233 gold pieces
 Weapons  (')')
  W - 10 uncursed +0 darts (at the ready)
  T - 5 uncursed +0 daggers
  a - a blessed +1 quarterstaff (weapon in hands)
 Armor    ('[')
  b - an uncursed +0 cloak of magic resistance (being worn)
 Comestibles  ('%')
  t - 2 uncursed slime molds
  v - a cursed candy bar labeled "Apollo"
  p - an uncursed cram ration
  I - 2 uncursed food rations
  B - 2 uncursed tripe rations
  u - an uncursed lichen corpse
 Scrolls  ('?')
  M - an uncursed scroll of amnesia
  j - an uncursed scroll of create monster
  k - an uncursed scroll of destroy armor
  q - 2 uncursed scrolls of enchant armor
  C - an uncursed scroll of food detection
  i - 2 uncursed scrolls of identify
  Q - an uncursed scroll of magic mapping
  H - an uncursed scroll of scare monster
 Potions  ('!')
  g - an uncursed potion of confusion
  z - an uncursed potion of extra healing
  R - an uncursed potion of gain ability
  h - an uncursed potion of gain energy
  J - 2 uncursed potions of healing
  D - an uncursed potion of monster detection
  r - a blessed potion of sickness
  s - an uncursed potion of sickness
  F - 2 uncursed potions of sleeping
  x - an uncursed potion of speed
  f - an uncursed potion of water
 Rings    ('=')
  d - an uncursed +1 ring of adornment
  A - an uncursed ring of free action
  K - an uncursed ring of poison resistance
  e - an uncursed ring of teleportation
 Wands    ('/')
  L - an uncursed wand of secret door detection (0:14)
  c - an uncursed wand of secret door detection (0:11)
 Tools    ('(')
  o - an uncursed blindfold
  n - an uncursed magic marker (0:21)
  w - an uncursed skeleton key
  U - an uncursed tallow candle
  X - an uncursed tin whistle
  P - an uncursed wax candle
 Gems/Stones  ('*')
  V - 2 uncursed worthless pieces of black glass
  E - 2 uncursed worthless pieces of green glass
  O - 3 uncursed worthless pieces of violet glass

Jinnora the Wizard's attributes:

Background:
 You were a Conjurer, a level 4 female human Wizard.
 You were neutral, nominally on a mission for Thoth
 who was opposed by Ptah (lawful) and Anhur (chaotic).
 You were right-handed.
 You were in the Gnomish Mines, on level 6.
 You entered the dungeon 1356 turns ago.
 There was a new moon in effect when your adventure ended.
 You had 133 experience points, 27 more were needed to attain level 5.

Basics:
 You had 0 out of 27 hit points.
 You had 3 out of 25 energy points (spell power).
 Your armor class was 9.
 Your wallet contained 233 zorkmids.
 Autopickup was off.

Final Characteristics:
 Your strength was 10 (peak:13, limit:18/100).
 Your dexterity was 12 (limit:18).
 Your constitution was 12 (limit:18).
 Your intelligence was 17 (limit:18).
 Your wisdom was 12 (limit:18).
 Your charisma was 9 (limit:18).

Final Status:
 You were hungry.
 You were unencumbered.
 You were wielding a quarterstaff.
 You had basic skill with quarterstaff.

Final Attributes:
 You were devoutly aligned.
 You were magic-protected.
 You were warded.
 You are dead.

Miscellaneous:
 You didn't encounter any bones levels.
 Total elapsed playing time was 11 minutes and 50 seconds.

Major events:
 Turn
    1: Jinnora the neutral female human Wizard entered the dungeon
 1093: entered the Gnomish Mines
 1096: attained the rank of Conjurer (level 3)
 1356: killed by a gnome

Spells:
 Name                 Level Category     Fail Retention
 force bolt             1   attack         0%  91%-100%
 detect unseen          3   divination    88%  76%-100%
 cure blindness         2   healing       52%  76%-100%

Skills:
 Fighting Skills
   bare handed combat [Unskilled]
   riding             [Unskilled]
 Weapon Skills
   dagger             [Unskilled]
   knife              [Unskilled]
   axe                [Unskilled]
   short sword        [Unskilled]
   club               [Unskilled]
   mace               [Unskilled]
   quarterstaff       [Basic]
   polearms           [Unskilled]
   spear              [Unskilled]
   trident            [Unskilled]
   sling              [Unskilled]
   dart               [Unskilled]
   shuriken           [Unskilled]
 Spellcasting Skills
   attack spells      [Basic]
   healing spells     [Unskilled]
   divination spells  [Unskilled]
   enchantment spells [Basic]
   clerical spells    [Unskilled]
   escape spells      [Unskilled]
   matter spells      [Unskilled]

Voluntary challenges:
 Character rerolling was not enabled.
 You were an atheist.
 You never genocided any monsters.
 You never polymorphed an object.
 You never changed form.
 You used no wishes.
Achievements:
 You entered a shop.
 You entered the Gnomish Mines.
 You attained the rank of Conjurer.

 The Dungeons of Doom: levels 1 to 4
    Level 1:
       A fountain.
    Level 2:
       A weapon shop.
    Level 3:
       A food shop, many fountains.
    Level 4:
       A fountain, a grave.
       Stairs down to The Gnomish Mines.
 The Gnomish Mines: levels 5 to 6
    Level 5:
    Level 6: <- You were here.
       Final resting place for
          you, killed by a gnome.


Vanquished creatures:
  a shrieker
  2 gnome leaders
 an elf zombie
  3 dwarves
 an iguana
  2 giant rats
  2 cave spiders
 11 gnomes
  2 geckos
  2 jackals
  a fox
  a kobold
  a sewer rat
  4 grid bugs
  a bat
  2 lichens
  a kobold zombie
38 creatures vanquished.

No species were genocided or became extinct.

Game over:
                       ----------
                      /          \
                     /    REST    \
                    /      IN      \
                   /     PEACE      \
                  /                  \
                  |     Jinnora      |
                  |      233 Au      |
                  |   killed by a    |
                  |      gnome       |
                  |                  |
                  |                  |
                  |       2026       |
                 *|     *  *  *      | *
        _________)/\\_//(\/(/\)/\//\/|_)_______

Goodbye Jinnora the Wizard...

You died in The Gnomish Mines on dungeon level 6 with 992 points,
and 233 pieces of gold, after 1356 moves.
You were level 4 with a maximum of 27 hit points when you died.

